Map: [ESL] Stargazers

Players

ByuN - Winner!

  • Race: Terran Terran
  • Spawn Location: 11:00

trigger

  • Race: Protoss Protoss
  • Spawn Location: 1:00

Event: DreamHack SC2 Masters 2022 Valencia

VOD

Have the link to the VOD?

Description

Time

  • Played on: July 2, 2022, 3:35 a.m.
  • Length: 12:34

All games in this series

Show
View Real Time Build Order
Export as new Build Order

ByuN Terran - Winner!

Build Orders: Gas First Reaper Expand 

Get SALT Encoding   

  12  0:00  SCV  
  13  0:12  SCV  
  14  0:17  Supply Depot  
  14  0:24  SCV  
  14  0:27  Refinery  
  15  0:38  SCV  
  16  0:44  Barracks  
  16  0:52  SCV  
  17  1:04  SCV  
  18  1:16  SCV  
  19  1:30  Reaper  
  19  1:31  Orbital Command  
  20  1:43  Command Center  
  20  1:53  Factory  
  20  1:57  SCV  
  21  2:04  Refinery  
  21  2:05  Barracks Reactor  
  21  2:09  SCV  
  22  2:19  Supply Depot  
  22  2:21  SCV  
  23  2:40  SCV, Factory Tech Lab  
  23  2:41  Marine  
  23  2:42  Marine  
  26  2:52  SCV  
  27  2:59  Marine x2  
  27  3:04  SCV  
  30  3:09  Orbital Command  
  30  3:10  Cyclone  
  32  3:15  Barracks  
  32  3:16  SCV  
  32  3:17  Marine x2  
  32  3:19  Orbital Command  
  35  3:32  SCV  
  36  3:35  Marine x2  
  39  3:48  SCV x2  
  39  3:49  Siege Tank  
  39  3:51  Barracks  
  41  3:58  Marine x2  
  41  4:00  SCV x2  
  44  4:05  Barracks Tech Lab  
  44  4:08  Supply Depot  
  44  4:14  Engineering Bay  
  44  4:15  SCV x2  
  46  4:23  Supply Depot  
  46  4:24  Stimpack  
  46  4:29  Marine x3  
  46  4:30  SCV x2  
  51  4:41  Factory Reactor  
  51  4:42  Terran Infantry Weapons Level 1  
  51  4:43  Refinery  
  51  4:44  Starport  
  52  4:48  Marine x2  
  52  4:50  SCV x2  
  55  4:53  Marauder  
  55  4:54  Marauder  
  55  4:57  Supply Depot  
  59  5:02  SCV x2  
  59  5:03  Combat Shield  
  61  5:09  Marine  
  62  5:14  Supply Depot  
  62  5:19  SCV x2  
  62  5:20  Marauder  
  67  5:23  Marauder  
  70  5:29  Marine  
  70  5:30  Factory Reactor, Marine  
  70  5:36  Supply Depot, SCV x2, Medivac x2  
  70  5:39  Refinery  
  76  5:48  SCV x2  
  78  5:54  Marine x2  
  77  5:58  Marauder x2  
  77  5:59  Supply Depot  
  77  6:00  SCV x2  
  77  6:01  Supply Depot  
  83  6:06  Medivac  
  85  6:17  Marine  
  86  6:20  Medivac, Marine  
  86  6:21  Marauder  
  86  6:24  Supply Depot  
  93  6:25  Marauder  
  93  6:27  Widow Mine x2  
  97  6:36  Terran Infantry Armor Level 1  
  97  6:37  Marine  
  97  6:38  Marine  
  92  6:42  Marauder  
  91  6:47  Marauder  
  91  6:51  Widow Mine x2  
  94  6:54  Medivac x2  
  94  6:55  Marine  
  94  6:56  Marine  
  100  7:07  Concussive Shells  
  101  7:08  SCV x2  
  101  7:10  Supply Depot  
  101  7:11  Command Center  
  101  7:13  Barracks  
  101  7:14  Barracks  
  102  7:20  Marine x2, Marauder x2  
  108  7:28  SCV x2  
  97  7:40  SCV x2, Marine  
  97  7:42  Marauder x2  
  87  7:52  SCV  
  87  7:53  Marine  
  87  7:55  Medivac x2  
  87  7:57  SCV  
  87  7:58  Marine  
  91  8:03  Marauder x2  
  91  8:04  SCV, Barracks Reactor  
  96  8:08  Factory Tech Lab  
  96  8:09  SCV  
  96  8:10  Marine x3  
  96  8:11  Barracks Tech Lab  
  100  8:16  SCV, Marine  
  100  8:17  Engineering Bay, Armory  
  102  8:21  SCV  
  102  8:23  Orbital Command  
  102  8:24  Marauder  
  105  8:28  SCV  
  105  8:30  Marauder x2  
  105  8:33  Marine x3  
  112  8:36  Siege Tank  
  112  8:39  SCV  
  112  8:41  SCV  
  117  8:46  Marauder  
  119  8:48  Refinery, Supply Depot  
  119  8:49  Refinery  
  119  8:50  Viking  
  119  8:51  Viking  
  119  8:52  SCV  
  119  8:53  SCV  
  125  8:57  Marauder x2  
  125  9:01  SCV  
  130  9:04  SCV  
  130  9:05  Marine  
  130  9:06  SCV  
  133  9:10  Marine x3, Marauder  
  133  9:13  SCV  
  133  9:15  Terran Infantry Armor Level 2, Terran Infantry Weapons Level 2  
  139  9:17  Supply Depot  
  139  9:18  Marauder  
  139  9:24  Viking x2, Supply Depot  
  141  9:29  Siege Tank  
  148  9:32  Terran Ship Weapons Level 1  
  148  9:39  Marauder x2  
  148  9:40  Supply Depot  
  151  9:49  Marine x4, Marauder  
  157  9:55  Ghost Academy  
  157  9:58  Missile Turret  
  157  10:00  Marauder x2  
  157  10:01  Siege Tank  
  157  10:02  Sensor Tower  
  164  10:07  Marine x2  
  164  10:08  Marine x2  
  164  10:10  Marauder  
  164  10:12  Medivac  
  171  10:26  Ghost x2  
  175  10:30  Ghost  
  175  10:32  Marine x4, Command Center  
  181  10:41  Siege Tank  
  157  10:50  Marine x2  
  157  10:55  Marauder  
  157  10:56  Marauder  
  159  10:59  Marine x2  
  159  11:00  Marauder  
  149  11:07  Marine  
  149  11:08  Marine  
  148  11:17  Barracks, Marine x2, Marauder  
  148  11:18  Barracks  
  156  11:19  Medivac  
  156  11:25  Ghost x2  
  154  11:26  Marine x2  
  149  11:35  Marine x2  
  149  11:37  Ghost  
  129  11:46  Marine x2  
  124  11:52  Marine  
  124  11:53  SCV, Marine  
  124  11:54  SCV, Marauder x2  
  128  11:57  Missile Turret  
  128  11:59  Barracks  
  132  12:03  Marine  
  132  12:04  Marine  
  136  12:12  Marine  
  136  12:13  Marine x3  
Show
View Real Time Build Order
Export as new Build Order

trigger Protoss 

Build Orders: 1 Gate Expand, Blink Stalkers 

Get SALT Encoding   

  12  0:00  Probe  
  13  0:12  Probe  
  14  0:16  Pylon  
  14  0:24  Probe (Chrono Boost)  
  16  0:36  Probe (Chrono Boost), Gateway  
  16  0:42  Probe (Chrono Boost)  
  16  0:45  Assimilator  
  17  0:51  Probe  
  18  1:03  Probe  
  19  1:15  Probe  
  20  1:23  Cybernetics Core  
  20  1:31  Nexus  
  20  1:34  Probe  
  21  1:41  Pylon  
  21  1:46  Probe  
  22  1:49  Assimilator  
  22  1:57  Adept (Chrono Boost)  
  22  1:59  Probe  
  25  2:02  Warp Gate  
  25  2:11  Probe  
  25  2:17  Stalker (Chrono Boost)  
  27  2:24  Probe  
  28  2:31  Twilight Council  
  29  2:39  Probe (Chrono Boost)  
  29  2:42  Stalker  
  29  2:43  Probe (Chrono Boost)  
  33  2:53  Probe x2 (Chrono Boost)  
  34  2:59  Gateway  
  34  3:05  Probe (Chrono Boost)  
  34  3:09  Probe (Chrono Boost)  
  35  3:16  Blink (Chrono Boost)  
  36  3:23  Probe x2 (Chrono Boost)  
  37  3:28  Probe (Chrono Boost)  
  37  3:30  Probe  
  39  3:39  Probe, Robotics Facility  
  39  3:40  Pylon  
  40  3:47  Probe  
  39  3:51  Probe  
  40  3:59  Probe  
  40  4:02  Stalker x2  
  45  4:03  Probe  
  45  4:07  Assimilator  
  45  4:09  Assimilator  
  42  4:11  Probe  
  42  4:15  Probe  
  44  4:24  Probe (Chrono Boost)  
  45  4:26  Stalker x2  
  45  4:27  Probe (Chrono Boost)  
  50  4:37  Pylon  
  52  4:39  Probe (Chrono Boost)  
  52  4:40  Observer  
  52  4:41  Probe (Chrono Boost)  
  52  4:45  Probe (Chrono Boost)  
  53  4:51  Forge  
  54  4:55  Nexus, Probe x2  
  54  4:56  Pylon  
  56  5:02  Shield Battery  
  56  5:05  Observer  
  57  5:08  Probe  
  57  5:09  Robotics Bay  
  58  5:17  Stalker  
  58  5:18  Stalker  
  58  5:21  Probe x2  
  64  5:24  Protoss Ground Weapons Level 1  
  64  5:25  Charge  
  64  5:32  Gateway  
  65  5:42  Probe  
  65  5:43  Probe  
  65  5:47  Stalker x2  
  69  5:55  Probe  
  69  5:56  Gateway  
  69  5:59  Observer  
  69  6:03  Colossus (Chrono Boost)  
  68  6:06  Extended Thermal Lance  
  74  6:11  Gateway  
  74  6:16  Probe x3  
  77  6:24  Stalker x2  
  79  6:36  Zealot  
  79  6:39  Probe  
  74  6:44  Probe  
  74  6:46  Probe  
  70  6:47  Shield Battery  
  70  6:48  Colossus (Chrono Boost)  
  70  6:51  Stalker x2, Probe (Chrono Boost)  
  79  6:58  Observer  
  79  6:59  Probe (Chrono Boost)  
  81  7:03  Probe (Chrono Boost)  
  81  7:04  Gateway  
  81  7:05  Probe (Chrono Boost)  
  83  7:11  Probe x2 (Chrono Boost)  
  83  7:14  Pylon  
  84  7:16  Pylon x2  
  84  7:17  Pylon  
  84  7:33  Stalker x4  
  84  7:34  Stalker  
  86  7:39  Probe  
  83  7:45  Colossus  
  89  7:57  Probe x3  
  92  8:05  Shield Battery  
  92  8:09  Probe x3  
  92  8:10  Protoss Ground Weapons Level 2 (Chrono Boost)  
  92  8:11  Zealot x5  
  105  8:15  Shield Battery  
  105  8:29  Probe  
  105  8:30  Probe  
  105  8:32  Assimilator  
  105  8:33  Assimilator  
  107  8:34  Zealot  
  107  8:37  Pylon  
  107  8:40  Robotics Facility  
  109  8:41  Pylon  
  109  8:44  Pylon  
  109  8:50  Gateway  
  109  8:53  Disruptor (Chrono Boost), Gateway  
  113  8:56  Pylon  
  113  8:58  Probe (Chrono Boost)  
  113  8:59  Probe (Chrono Boost)  
  113  9:02  Observer, Stalker  
  115  9:03  Stalker, Probe (Chrono Boost)  
  115  9:06  Stalker x2  
  115  9:08  Stalker, Probe (Chrono Boost)  
  126  9:17  Stalker  
  128  9:27  Probe  
  128  9:29  Observer  
  129  9:33  Disruptor x2 (Chrono Boost)  
  129  9:35  Pylon  
  129  9:37  Nexus  
  135  9:41  Stalker x2  
  139  10:00  Stalker x5  
  149  10:07  Pylon  
  149  10:15  Pylon  
  149  10:17  Pylon  
  149  10:18  Dark Shrine  
  149  10:19  Pylon  
  149  10:20  Forge  
  149  10:22  Shield Battery  
  149  10:25  Disruptor x2  
  149  10:26  Probe  
  152  10:43  Zealot x7  
  156  10:55  Zealot  
  144  11:00  Disruptor  
  132  11:04  Stalker x6  
  132  11:09  Disruptor  
  132  11:11  Probe x3  
  150  11:21  Probe  
  150  11:23  Probe  
  150  11:24  Assimilator  
  152  11:29  Assimilator  
  148  11:34  Probe  
  148  11:36  Disruptor (Chrono Boost)  
  118  11:44  Disruptor (Chrono Boost)  
  99  11:51  Stalker x4  
  99  11:52  Stalker x4  
  108  12:03  Photon Cannon  
  111  12:14  Zealot  
  111  12:15  Zealot x7  

Tags
 
Add a new tag
Caveats
  • Supply blocks, unpowered buildings, or Contaminate may cause inaccurate times.
  • Supply counts are checked every 10 seconds.